 Dungeon Crawl Stone Soup version 0.30.1-11-g7821555f0a (webtiles) character file.

Game seed: 9165988292322492092

98 Eitelfritz the Poker (level 4, -1/34 HPs)
             Began as a Merfolk Gladiator on Jan 12, 2024.
             Was an Elder of Zin.
             Slain by a gnoll
             ... wielding a +0 flail
              (9 damage)
             ... on level 4 of the Dungeon.
             The game lasted 00:12:17 (2510 turns).

Eitelfritz the Poker (Merfolk Gladiator)            Turns: 2510, Time: 00:12:17

Health: -1/34      AC:  5    Str: 14    XL:     4   Next: 71%
Magic:  4/4        EV: 13    Int:  9    God:    Zin [****..]
Gold:   753        SH:  0    Dex: 15    Spells: 3/3 levels left

rFire   . . .        a - +0 trident
rCold   . . .        (no shield)
rNeg    . . .        j - +0 leather armour
rPois   .            c - +1 helmet
rElec   .            (no cloak)
rCorr   .            (no gloves)
SInv    .            (no boots)
Will    .....        (no amulet)
Stlth   +            (no ring)
HPRegen 0.25/turn    (no ring)
MPRegen 0.09/turn

%: no passive effects
@: no status effects
A: (nimble swimmer 2), mertail
a: Renounce Religion, Recite, Vitalisation, Imprison, Donate Gold


You were on level 4 of the Dungeon.
You worshipped Zin.
Zin was greatly pleased with you.
You visited 1 branch of the dungeon, and saw 4 of its levels.

You collected 836 gold pieces.
You donated 83 gold pieces to Zin.

Inventory:

Hand Weapons
 a - a +0 trident (weapon)
 b - a +0 sling
Missiles
 d - 3 throwing nets (quivered)
 e - a javelin
 q - 4 poisoned darts
Armour
 c - a +1 helmet (worn)
 j - a +0 leather armour (worn)
Jewellery
 n - a ring of magical power
 w - a ring of magical power
Wands
 o - a wand of mindburst (13)
 z - a wand of iceblast (8)
Scrolls
 k - 2 scrolls of teleportation
Potions
 f - 3 potions of haste
 r - a potion of resistance
 s - a potion of ambrosia {unknown}
 u - a potion of might
 v - a potion of lignification {unknown}


   Skills:
 + Level 2.7 Fighting
 + Level 5.5 Polearms
 + Level 2.2 Throwing
 + Level 0.7 Armour
 + Level 4.6 Dodging
 + Level 0.2 Stealth
 * Level 0.6 Invocations


You had 3 spell levels left.
You didn't know any spells.
Your spell library contained the following spells:

 Spells                   Type           Power      Damage    Failure   Level
 Summon Lightning Spire   Summ/Air       0%         N/A       99%         4
 Storm Form               Tmut/Air       0%         N/A       100%        7
 Maxwell's Capacitive Co  Air            0%         ∞         100%        8


Dungeon Overview and Level Annotations

Branches:
Dungeon (4/15)
 Temple: D:4-7

Altars:
Cheibriados
Zin

Shops:
D:3 [(


Innate Abilities, Weirdness & Mutations

((You are very nimble when in or above water. (Stealth+, EV+, Speed+++)))
Your lower body shifts to a powerful aquatic tail in water.


Message History

You puncture the gnoll!
The gnoll is severely wounded.
The gnoll hits you with a +0 club.
You hit the gnoll.
The gnoll is almost dead.
The gnoll hits you with a +0 club!
The jelly jiggles.
You hit the gnoll.
You kill the gnoll!
You hit the gnoll but do no damage. The gnoll closely misses you.
You closely miss the gnoll. The gnoll barely misses you.
You closely miss the gnoll. The gnoll barely misses you.
You barely miss the gnoll. The gnoll hits you with a +0 whip.
You hit the gnoll.
The gnoll is lightly wounded.
The gnoll hits you with a +0 whip.
You barely miss the gnoll.
The gnoll is lightly wounded.
The gnoll completely misses you.
You hit the gnoll.
The gnoll is moderately wounded.
The gnoll hits you but does no damage.
You hit the gnoll.
The gnoll is moderately wounded.
The gnoll barely misses you.
You closely miss the gnoll.
The gnoll is moderately wounded.
The gnoll hits you with a +0 whip.
You barely miss the gnoll.
The gnoll is moderately wounded.
The gnoll misses you.
You puncture the gnoll!
You kill the gnoll!
You barely miss the gnoll. The gnoll hits you with a +0 flail.
You completely miss the gnoll. The gnoll hits you with a +0 flail!
* * * LOW HITPOINT WARNING * * *
You puncture the gnoll!
The gnoll is severely wounded.
The gnoll hits you with a +0 flail!
You die...

.J... ...
... ... #.#
#.#.# #g#.#
### #g#.#
#.. #@#.#
#.# #.#.#
#.# #.#.#
#.#
#.#.###.####
#..........#
###[###.##<#
#.# #.##.#
#.###.##.##
#.........#


You could see 2 gnolls.

Vanquished Creatures
  3 gnolls
  2 adders
  5 orcs (D:3)
  A ball python (D:3)
  An endoplasm (D:1)
  2 giant cockroaches (D:1)
  4 goblins
  7 hobgoblins
  2 jackals (D:1)
  A quokka (D:1)
  4 bats
  3 frilled lizards (D:1)
  7 kobolds
  4 rats
46 creatures vanquished.

Notes
Turn   | Place    | Note
-------+----------+-------------------------------------------
     0 | D:1      | Eitelfritz the Merfolk Gladiator began the quest for the
                  | Orb.
     0 | D:1      | Reached XP level 1. HP: 16/16 MP: 1/1
   140 | D:1      | Reached XP level 2. HP: 22/22 MP: 2/2
   377 | D:1      | Found a faded altar of an unknown god.
   383 | D:1      | Prayed at the altar of an unknown god.
   383 | D:1      | Became a worshipper of Zin the Law-Giver
   383 | D:1      | Reached * piety under Zin
   477 | D:1      | Reached XP level 3. HP: 20/27 MP: 3/3
  1092 | D:2      | Reached skill level 5 in Polearms
  1613 | D:3      | Reached XP level 4. HP: 29/34 MP: 4/4
  1640 | D:3      | Found Bionn's Weapon Boutique.
  1845 | D:3      | Reached ** piety under Zin
  2143 | D:3      | Found Goduzan's Armour Emporium.
  2185 | D:3      | Found a snail-covered altar of Cheibriados.
  2437 | D:3      | Identified a scroll of acquirement
  2437 | D:3      | Acquired 746 gold pieces
  2438 | D:3      | Reached *** piety under Zin
  2438 | D:3      | Reached **** piety under Zin
  2510 | D:4      | Slain by a gnoll

Illustrated notes

Levels and vault maps discovered:
D:1:      roderic_dead_forest, layout_basic, ebering_ecumenical_altar_webs
D:2:      layout_basic
D:3:      layout_basic, mainiacjoe_overflow_24_doors, serial_shops, shop, shop
D:4:      layout_loops_ring, lightli_temple_of_fire,
          mainiacjoe_overflow_tiny_flanked, uniq_eustachio, uniq_pikel

Skill      XL: |  1  2  3 |
---------------+----------+-----
Polearms       | 5 |  5.5
Fighting       | |  2.7
Throwing       | |  2.2
Armour         | |  0.7
Dodging        | |  4.6
Stealth        | |  0.2
Invocations    | |  0.6

Action                     |  1- 3 |  4- 6 || total
---------------------------+-------+-------++-------
  Melee: Trident           |   102 |    42 ||   144
 Invoke: Recite            |     3 |       ||     3
    Use: Scroll            |       |    11 ||    11
   Stab: Sleeping          |     1 |     1 ||     2
         Distracted        |     1 |       ||     1
 Armour: Leather armour    |    16 |     7 ||    23
  Dodge: Dodged            |    52 |    20 ||    72
